 Dungeon Crawl Stone Soup version 0.28-a0-1389-gc726bef33b (webtiles) character file.

Game seed: 16658887500867177339

22 frimble the Grasshopper (level 2, 0/22 HPs)
             Began as a Demonspawn Warper on Jan 4, 2022.
             Slain by Natasha (3 damage)
             ... on level 2 of the Dungeon.
             The game lasted 00:00:44 (1355 turns).

frimble the Grasshopper (Demonspawn Warper)         Turns: 1355, Time: 00:00:44

Health: 0/22       AC:  3    Str: 11    XL:     2   Next: 68%
Magic:  5/5        EV: 11    Int: 14    God:
Gold:   72         SH:  0    Dex: 12    Spells: 5/5 levels left

rFire   . . .      SeeInvis .   a - +0 short sword
rCold   . . .      Faith    .   (no shield)
rNeg    . . .      Spirit   .   b - +0 leather armour
rPois   .          Reflect  .   (no helmet)
rElec   .          Harm     .   (no cloak)
rCorr   .          Rampage  .   (no gloves)
Will    +....                   (no boots)
Stlth   +.........              (no amulet)
HPRegen 0.07/turn               f - ring of willpower
MPRegen 0.09/turn               (no ring)

@: no status effects
A: demonic touch 1
a: no special abilities


You were on level 2 of the Dungeon.
You visited 1 branch of the dungeon, and saw 2 of its levels.

You collected 72 gold pieces.

Inventory:

Hand Weapons
 a - a +0 short sword (weapon)
Missiles
 i - a throwing net (quivered)
Armour
 b - a +0 leather armour (worn)
Jewellery
 f - a ring of willpower (left hand)
Scrolls
 c - a scroll of blinking
 e - 2 scrolls of teleportation {unknown}
 g - a scroll of fear {unknown}
Potions
 h - a potion of curing
 j - a potion of magic {unknown}


   Skills:
 - Level 2.1 Fighting
 + Level 2.1 Short Blades
 - Level 1.1 Throwing
 - Level 1.0 Armour
 + Level 2.1 Dodging
 - Level 2.1 Spellcasting
 - Level 2.7 Translocations


You had 5 spell levels left.
You didn't know any spells.
Your spell library contained the following spells:

 Spells                   Type           Power      Damage    Failure   Level
 Blink                    Tloc           18%        N/A       16%         2
 Gell's Gravitas          Tloc           9%         N/A       30%         3
 Lesser Beckoning         Tloc           9%         N/A       30%         3
 Teleport Other           Tloc           9%         N/A       30%         3
 Passage of Golubria      Tloc           9%         N/A       69%         4
 Manifold Assault         Tloc           9%         N/A       95%         5
 Silence                  Hex/Air        0%         N/A       100%        5
 Lehudib's Crystal Spear  Conj/Erth      0%         10d2      100%        8


Dungeon Overview and Level Annotations

Branches:
Dungeon (2/15)

Altars:

Annotations:
D:2 Natasha


Innate Abilities, Weirdness & Mutations

Your touch may inflict minor irresistible damage on your foes.


Message History

Aim: Natasha (severely wounded, 50% to hit)
You throw a boomerang of dispersal.
The boomerang of dispersal barely misses Natasha.
Throw: 2 boomerangs (disperse)
Press: ? - help, Q - select action, (/) - cycle Shift-Dir - straight line, f/p - Natasha
Aim: Natasha (severely wounded, 50% to hit)
You throw a boomerang of dispersal.
The boomerang of dispersal barely misses Natasha.
Natasha drinks a potion.
Natasha is healed!
Throw: boomerang (disperse)
Press: ? - help, Q - select action, (/) - cycle Shift-Dir - straight line, f/p - Natasha
Aim: Natasha (50% to hit)
You throw a boomerang of dispersal.
The boomerang of dispersal closely misses Natasha.
You completely miss Natasha. Natasha claws you!
You closely miss Natasha.
You touch Natasha.
Natasha is moderately wounded.
Natasha claws you but does no damage.
You closely miss Natasha. Your touch misses Natasha.
Natasha is moderately wounded.
Natasha claws you.
You closely miss Natasha.
Natasha is moderately wounded.
Natasha claws you.
* * * LOW HITPOINT WARNING * * *
You completely miss Natasha.
You touch Natasha.
Natasha is heavily wounded.
Natasha drinks a potion.
Natasha is healed!
You hit Natasha but do no damage. Your touch misses Natasha.
Natasha barely misses you.
You closely miss Natasha. Natasha barely misses you.
You barely miss Natasha. Your touch misses Natasha. Natasha closely misses you.
You hit Natasha.
Natasha is moderately wounded.
Natasha claws you.
* * * LOW HITPOINT WARNING * * *
You barely miss Natasha.
Natasha is moderately wounded.
Natasha claws you.
You die...

#......# ####.#.# #.
#......# #.#.###. #
#......# #.#..... #.
#......########.######
.#..#.....................
.(....>.............#..#..
##..##..#############..#..
#..#....# #.....
#.#.#..#@## #..###
#......h..#.########..#
#.##......#...........#
#.........######.....##
#.........# #.#####
.......##### #.# ###....
#.# ....#. #.# ##+##. #.#


You could see Natasha.

Vanquished Creatures
  A dart slug (D:1)
  4 ball pythons (D:1)
  3 endoplasms (D:1)
  3 goblins
  2 hobgoblins (D:1)
  2 bats
  A frilled lizard (D:1)
  2 kobolds (D:1)
  A rat (D:1)
19 creatures vanquished.

Notes
Turn   | Place    | Note
-------+----------+-------------------------------------------
     0 | D:1      | frimble the Demonspawn Warper began the quest for the Orb.
     0 | D:1      | Reached XP level 1. HP: 16/16 MP: 3/3
    93 | D:1      | Reached skill level 1 in Throwing
   248 | D:1      | Found a faded altar of an unknown god.
   250 | D:1      | Reached skill level 1 in Armour
   257 | D:1      | Gained mutation: Your touch may inflict minor irresistible
                  | damage on your foes. [demonic ancestry]
   257 | D:1      | Reached XP level 2. HP: 16/22 MP: 5/5
  1337 | D:2      | Noticed Natasha
  1355 | D:2      | Slain by Natasha

Illustrated notes

Levels and vault maps discovered:
D:1:      kilobyte_arrival_exit_the_forest, layout_basic,
          hellmonk_ecumenical_altar_lost_god, amethyst_killhole
D:2:      layout_basic, nicolae_underground_beach, uniq_natasha

Skill      XL: |  1  2 |
---------------+-------+-----
Throwing       | 1 |  1.1
Armour         | 1 |  1.0
Dodging        | 2 |  2.1
Short Blades   | 2 |  2.1
Fighting       | |  2.1
Spellcasting   | |  2.1
Translocations | |  2.7

Action                   || total
-------------------------++-------
Melee: Short sword       ||    58
       Touch             ||     7
Throw: Boomerang         ||     5
  Use: Potion            ||     1
Armor: Leather armour    ||    15
Dodge: Dodged            ||    36

Table legend: (Time is in decaauts)
 A = Elapsed time spent in this place.
 B = Non-inter-level travel time spent in this place.
 C = Inter-level travel time spent in this place.
 D = Time resting spent in this place.
 E = Time spent auto-exploring this place.
 F = Levels seen in this place.
 G = Mean time per level.
                   A        B        C        D        E       F      G
               +--------+--------+--------+--------+--------+-----+--------+
         Total |   1361 |   1336 |     25 |      0 |   1187 |   2 |  680.5 |
       Dungeon |   1361 |   1336 |     25 |      0 |   1187 |   2 |  680.5 |
               +--------+--------+--------+--------+--------+-----+--------+

Top non-repeatable levels by time:
     D:1: 1109 daAuts
     D:2: 251 daAuts
